Map: Pillars of Gold LE

Players

DaDDy - Winner!

  • Race: Protoss Protoss
  • League: Platinum
  • Spawn Location: 1:00

Massa

  • Race: Terran Terran
  • League: Platinum
  • Spawn Location: 7:00

VOD

Have the link to the VOD?

Description

Time

  • Played on: Jan. 12, 2021, 2:03 p.m.
  • Length: 11:38
Show
View Real Time Build Order
Export as new Build Order

DaDDy Protoss - Winner!

Build Orders: Double Forge, Zealot Archon, Dark Templar Rush 

Get SALT Encoding   

  12  0:01  Probe  
  13  0:13  Probe  
  14  0:20  Pylon  
  14  0:25  Probe  
  15  0:38  Probe (Chrono Boost)  
  15  0:41  Gateway  
  16  0:46  Assimilator  
  17  0:50  Probe (Chrono Boost)  
  17  0:58  Probe (Chrono Boost)  
  18  1:07  Probe (Chrono Boost)  
  18  1:10  Assimilator  
  19  1:19  Probe (Chrono Boost)  
  20  1:29  Cybernetics Core  
  21  1:37  Pylon  
  19  1:48  Nexus  
  19  1:54  Pylon  
  19  1:58  Probe  
  20  2:11  Adept  
  20  2:15  Probe  
  23  2:27  Twilight Council  
  23  2:35  Pylon  
  23  2:36  Probe (Chrono Boost)  
  24  2:49  Probe (Chrono Boost), Adept  
  27  2:59  Probe  
  27  3:04  Gateway  
  28  3:07  Probe  
  28  3:08  Dark Shrine  
  29  3:14  Probe  
  29  3:17  Warp Gate (Chrono Boost)  
  30  3:25  Probe  
  30  3:26  Probe  
  32  3:29  Assimilator  
  32  3:37  Probe  
  33  3:43  Probe  
  34  3:50  Gateway  
  34  4:03  Stalker x2  
  34  4:04  Probe  
  34  4:05  Probe  
  40  4:17  Probe x2, Shield Battery  
  42  4:29  Probe x2  
  44  4:33  Templar Archives  
  44  4:44  Probe x2  
  46  4:46  Forge  
  46  4:47  Forge  
  46  4:48  Pylon  
  46  4:52  Pylon  
  46  5:07  Probe x2  
  46  5:11  Dark Templar  
  46  5:12  Dark Templar  
  52  5:19  Probe x2  
  54  5:29  Assimilator  
  54  5:31  Probe  
  54  5:32  Probe  
  54  5:34  Nexus  
  56  5:44  Probe x2  
  56  5:49  High Templar x2  
  62  5:53  Zealot  
  62  5:56  Probe x2  
  66  6:01  Pylon  
  66  6:06  Pylon  
  66  6:08  Probe x2  
  66  6:09  Pylon  
  65  6:19  Archon  
  65  6:20  Probe  
  66  6:34  Zealot x2  
  66  6:35  Zealot  
  70  6:57  Probe x2, Protoss Ground Weapons Level 1 (Chrono Boost)  
  70  6:58  Protoss Ground Armor Level 1 (Chrono Boost)  
  72  7:05  Pylon  
  72  7:08  Gateway x2  
  72  7:09  Pylon  
  72  7:11  Probe, Gateway  
  72  7:12  Probe x2  
  72  7:13  Robotics Facility  
  72  7:14  High Templar x2  
  79  7:16  Gateway  
  79  7:23  Probe  
  78  7:30  Probe x2  
  78  7:34  Stalker  
  82  7:47  Pylon  
  82  7:48  High Templar x2  
  86  7:57  Archon  
  86  7:58  Archon  
  86  8:01  Observer  
  87  8:07  Zealot x3  
  87  8:08  Zealot  
  87  8:11  Probe x3  
  97  8:18  High Templar  
  99  8:23  Probe x2  
  99  8:26  Zealot x2  
  95  8:37  Stalker x3  
  95  8:39  Charge  
  101  8:41  Stalker  
  101  8:45  Probe x3  
  106  8:57  Probe x2  
  108  9:11  Assimilator  
  108  9:12  Assimilator  
  108  9:14  Pylon  
  108  9:16  Pylon  
  108  9:18  Pylon  
  108  9:22  Pylon x2  
  108  9:25  Probe  
  108  9:27  Photon Cannon  
  108  9:28  Photon Cannon  
  108  9:30  Photon Cannon  
  109  9:31  Photon Cannon  
  109  9:33  Probe, High Templar, Pylon  
  109  9:34  Pylon, High Templar, Warp Prism (Chrono Boost)  
  109  9:35  Zealot x3  
  122  9:45  Probe  
  122  9:46  Probe  
  124  9:59  Stalker x2  
  128  10:02  Nexus  
  128  10:12  Archon  
  128  10:13  High Templar x2  
  128  10:14  High Templar  
  134  10:15  Zealot x2  
  138  10:23  Stalker  
  138  10:24  Stalker  
  142  10:50  Archon, Pylon  
  142  10:51  Archon, Pylon x2  
  142  10:52  Pylon  
  142  10:54  Pylon  
  138  11:07  Dark Templar x5  
  138  11:08  Zealot x2  
  150  11:23  Zealot  
  155  11:32  Gateway  
  155  11:34  Gateway  
  155  11:37  Gateway  
Show
View Real Time Build Order
Export as new Build Order

Massa Terran 

Build Orders: Reaper Expand 

Get SALT Encoding   

  12  0:00  SCV  
  13  0:12  SCV  
  14  0:18  Supply Depot  
  14  0:25  SCV  
  15  0:40  SCV  
  15  0:41  Barracks  
  16  0:48  Refinery  
  16  0:52  SCV  
  17  1:04  SCV  
  18  1:16  SCV  
  18  1:41  Reaper, Command Center  
  19  1:48  Supply Depot  
  19  1:50  SCV  
  20  2:02  Orbital Command  
  20  2:12  Marine  
  21  2:28  SCV  
  22  2:32  Factory  
  22  2:33  Refinery  
  22  2:51  Marine  
  22  2:54  Orbital Command  
  22  2:55  SCV  
  24  3:06  Barracks  
  24  3:07  SCV  
  24  3:12  Engineering Bay  
  25  3:18  Factory Tech Lab  
  25  3:21  SCV x2, Barracks Tech Lab  
  27  3:34  Starport  
  27  3:38  Siege Tank  
  30  4:10  Siege Tank, Stimpack  
  30  4:12  Refinery  
  30  4:15  Marine x2  
  35  4:22  Barracks  
  35  4:33  Marine x2  
  35  4:36  SCV  
  35  4:37  SCV  
  39  4:44  Medivac  
  41  4:49  SCV x2  
  41  4:51  Marauder, Marine  
  46  5:00  Supply Depot  
  46  5:02  Supply Depot  
  46  5:04  Supply Depot  
  46  5:06  Missile Turret  
  46  5:11  Barracks Reactor  
  46  5:15  Starport Reactor  
  46  5:20  Ghost Academy  
  46  5:21  SCV, Marine  
  48  5:31  Siege Tank  
  48  5:33  Marine  
  53  5:35  SCV  
  53  5:36  SCV  
  53  5:39  Marauder  
  53  5:41  Terran Infantry Weapons Level 1  
  52  5:50  Marine  
  49  6:01  Marauder  
  43  6:18  Missile Turret  
  40  6:52  Medivac  
  40  6:53  Medivac  
  40  6:54  Marauder, Marine x3  
  46  7:12  Marine x3  
  51  7:15  Marauder  
  50  7:37  Marauder  
  50  7:41  Command Center  
  50  7:52  Supply Depot  
  50  7:54  Missile Turret  
  50  8:00  Marine x3  
  50  8:01  SCV, Marine  
  44  9:13  Orbital Command  
  44  9:14  SCV  
  45  9:25  Marine x4  
  45  9:26  SCV  
  45  9:30  Refinery  
  50  9:38  SCV  
  50  9:40  SCV  
  50  9:42  Medivac  
  50  9:43  Marine x2  
  56  9:50  SCV  
  56  9:52  SCV  
  58  10:01  Siege Tank  
  58  10:03  SCV  
  62  10:11  SCV  
  63  10:15  SCV  
  64  10:23  SCV  
  64  10:27  SCV  
  66  10:35  SCV  
  67  10:51  Missile Turret  
  67  11:13  Marine x2  
  67  11:14  Marine  
Tags
 
Add a new tag
Caveats
  • Supply blocks, unpowered buildings, or Contaminate may cause inaccurate times.
  • Supply counts are checked every 10 seconds.